 Dungeon Crawl Stone Soup version 0.29.1-13-g9f3cf754e1 (webtiles) character file.

Game seed: 8067091478046365210

30727 croobank the Fighter (level 13, -10/103 HPs)
             Began as a Demonspawn Conjurer on Jan 26, 2023.
             Was an Initiate of Gozag.
             Blown up by an eye of devastation (38 damage)
             ... with a bolt of energy
             ... in a Gauntlet.
             The game lasted 01:43:17 (24590 turns).

croobank the Fighter (Demonspawn Conjurer)         Turns: 24590, Time: 01:43:18

Health: -10/103    AC:  9    Str: 18    XL:     13   Next: 22%
Magic:  3/11       EV: 15    Int: 23    God:    Gozag
Gold:   940        SH:  0    Dex: 14    Spells: 6/28 levels left

rFire   + . .      SeeInvis .   u - +1 hand axe (antimagic)
rCold   + . .      Faith    .   (no shield)
rNeg    + . .      Spirit   .   A - +1 leather armour of the Shouting Gods {Contam +Blink Regen+ Stlth+}
rPois   +          Reflect  .   m - -2 hat of the Alchemist {rElec rPois rF+ rC+ rN+ Will+ rMut rCorr}
rElec   +          Harm     .   B - +1 cloak {rPois}
rCorr   +          Rampage  .   d - +2 pair of gloves {Str+3}
rMut    +          NoTele   +   s - +0 pair of boots
Will    +....                   w - amulet "Tetas" {RegenMP rCorr}
Stlth   ++++++....              C - ring of magical power
HPRegen 1.07/turn               r - +6 ring of strength
MPRegen 0.52/turn

@: no status effects
A: claws 1, thin skeletal structure 1, powered by death 1, demonic magic 3
a: Renounce Religion, Evoke Blink, Potion Petition, Call Merchant, Bribe Branch


You were in a Gauntlet.
You worshipped Gozag.
Gozag was pleased with you.
You visited 3 branches of the dungeon, and saw 17 of its levels.
You also visited: Gauntlet and Ice Cave.

You collected 3750 gold pieces.
You spent 401 gold pieces at shops.
You paid 2409 gold pieces to Gozag.

Inventory:

Hand Weapons
 a - a +4 dagger of draining
 b - a +8 spectral scimitar
 u - a +1 antimagic hand axe (weapon)
 F - a +2 halberd of flaming
Missiles
 n - 3 silver boomerangs
Armour
 c - a +0 helmet
 d - a +2 pair of gloves of strength (worn)
 m - the -2 hat of the Alchemist (worn) {rElec rPois rF+ rC+ rN+ Will+ rMut rCorr}
   (You found it in a Gauntlet)

   rF:        It protects you from fire.
   rC:        It protects you from cold.
   rElec:     It insulates you from electricity.
   rPois:     It protects you from poison.
   rN:        It protects you from negative energy.
   rCorr:     It protects you from acid and corrosion.
   rMut:      It protects you from mutation.
   Will:      It increases your willpower.
 s - a +0 pair of boots (worn)
 A - the +1 leather armour of the Shouting Gods (worn) {Contam +Blink Regen+ Stlth+}
   (You found it on level 3 of the Dungeon)

   +Blink:    It lets you blink.
   Contam:    It causes magical contamination when unequipped.
   Regen:     It increases your rate of health regeneration.
   Stlth:     It makes you more stealthy.
 B - a +1 cloak of poison resistance (worn)
Magical Staves
 p - a staff of conjuration
Jewellery
 e - a ring of protection from fire
 h - a ring of see invisible
 o - an amulet of regeneration
 r - a +6 ring of strength (right hand)
 w - the amulet "Tetas" (around neck) {RegenMP rCorr}
   (You acquired it on level 12 of the Dungeon)

   [amulet of magic regeneration]

   It increases your rate of magic regeneration.
   rCorr:     It protects you from acid and corrosion.
 y - a +4 ring of protection
 C - a ring of magical power (left hand)
 J - a +4 ring of evasion
Wands
 k - a wand of mindburst (8)
 E - a wand of digging (3)
 G - a wand of quicksilver (7)
 M - a wand of paralysis (2) (quivered)
 P - a wand of flame (13)
Scrolls
 f - a scroll of fear
 v - 2 scrolls of immolation
 I - 5 scrolls of teleportation
 K - a scroll of magic mapping
 L - 2 scrolls of identify
 W - a scroll of poison
Potions
 g - 2 potions of invisibility
 i - 4 potions of mutation
 j - 2 potions of heal wounds
 l - 2 potions of might
 q - 3 potions of ambrosia
 t - 4 potions of flight
 x - a potion of attraction
 z - 2 potions of lignification
 D - a potion of cancellation
 T - 2 potions of curing
Miscellaneous
 N - a tin of tremorstones (2/2)


   Skills:
 + Level 10.2 Fighting
 - Level 4.2 Staves
 - Level 5.0 Armour
 + Level 8.1 Dodging
 + Level 8.7 Stealth
 + Level 8.2 Spellcasting
 + Level 9.5 Conjurations
 - Level 5.0 Hexes
 + Level 4.8 Translocations
 * Level 3.6 Fire Magic


You had 6 spell levels left.
You knew the following spells:

 Your Spells              Type           Power      Damage    Failure   Level
a - Magic Dart            Conj           100%       1d8       1%          1
b - Searing Ray           Conj           100%       2d8       1%          2
c - Dazzling Flash        Conj/Hex       84%        N/A       1%          3
d - Fulminant Prism       Conj/Hex       21%        3d13      4%          4
e - Iskenderun's Mystic   Conj/Tloc      42%        2d10      4%          4
f - Scorch                Fire           52%        2d8       2%          2
g - Flame Wave            Conj/Fire      39%        2d11      5%          4
h - Wereblood             Tmut           9%         N/A       12%         2

Your spell library contained the following spells:

 Spells                   Type           Power      Damage    Failure   Level
 Static Discharge         Conj/Air       31%        3-7/arc   1%          2
 Sticky Flame             Conj/Fire      39%        2d6       5%          4
 Beastly Appendage        Tmut           18%        N/A       9%          1
 Spider Form              Tmut/Pois      9%         N/A       24%         3
 Dispel Undead            Necr           9%         3d8       63%         4
 Summon Cactus Giant      Summ           4%         N/A       100%        6


Dungeon Overview and Level Annotations

Branches:
Dungeon (13/15)            Temple (1/1) D:7            Lair (3/5) D:11
  Swamp (0/4) Lair:3        Snake (0/4) Lair:3          Orc (0/2) D:11
  IceCv (visited)         Gauntlet (1/1)
 Vaults: D:13-14

Altars:
Ashenzari
Cheibriados
Dithmenos
Fedhas
Gozag
Hepliaklqana
Kikubaaqudgha
Makhleb
Nemelex Xobeh
Okawaru
Qazlal
Ru
Sif Muna
Trog
Uskayaw
Vehumet
Wu Jian
Xom
Yredelemnul

Shops:
D:6 ?   D:8 ?   D:12 *

Annotations:
D:3 3 runed translucent doors, mikeweasel's ghost, amateur OpHW
Lair:2 1 runed translucent door, exclusion: oklob plant, Gadrel's ghost, journeyman GrCK Gauntlet 21 runed translucent doors, 5 transporters, exclusion: ice statue


Innate Abilities, Weirdness & Mutations

You have sharp fingernails.
You have a somewhat thin skeletal structure. (Dex +2, Stealth+)
You regenerate a little health from kills.
Spells you cast and wands you use may paralyse nearby enemies.


Message History

Confirm with . or Enter, or press ? or * to list all spells.
You erupt in a blast of force!
The mystic blast hits the eye of devastation.
The eye of devastation is moderately wounded.
The eye of devastation is knocked back by the mystic blast.
Malevolent energies surge around you. The eye of devastation gazes at you.
The bolt of energy hits you!!
You completely miss the eye of devastation.
The eye of devastation is moderately wounded.
Casting: Iskenderun's Mystic Blast (dangerous; 4% risk of failure)
Confirm with . or Enter, or press ? or * to list all spells.
You erupt in a blast of force!
The mystic blast hits the eye of devastation but does no damage.
The eye of devastation is moderately wounded.
Malevolent energies surge around you.
You hit the eye of devastation but do no damage.
The eye of devastation is moderately wounded.
The eye of devastation gazes at you. The bolt of energy hits you!
* * * LOW HITPOINT WARNING * * *
Casting: Iskenderun's Mystic Blast (dangerous; 4% risk of failure)
Confirm with . or Enter, or press ? or * to list all spells.
You erupt in a blast of force!
The mystic blast hits the eye of devastation but does no damage.
The eye of devastation is moderately wounded.
Malevolent energies surge around you. The eye of devastation gazes at you.
The bolt of energy hits you!!
* * * LOW HITPOINT WARNING * * *
You feel much better.
Aiming: Quicksilver Bolt
Press: ? - help, Shift-Dir - straight line, f - eye of devastation
Aim: an eye of devastation (moderately wounded, 100% to hit)
The bolt of dispelling energy hits the eye of devastation!!
The eye of devastation is severely wounded.
Malevolent energies surge around you. The eye of devastation gazes at you.
The bolt of energy hits you!!!
You die...

.#....§...........§§§§§..#.©.#...
.#...≈8≈...........≈8≈...#...#.8.
.#....§§............≈.§..#.©.#...
#####...###########...###########
....#...#.........#.8.#...#.#...#
#.#.#...#.........#...#..#...#..#
.#..#...#.#######.#####.##...##.#
#.#.#...##.#.#^#$##...##..#.#..##
.#..#...#....©..@G#©.©#....©....#
#.#.#...#.#^#^#.#.#...##..#.#..##
.#..#...#^#######.#####.#######.#
#.#3#...#.^.....^.#...#..#...#..#
[!.3#...#..:!©....#.8.#....©....#
#####...###########...###########
.................................
.....≈∩≈.........................
#################################


You could see an eye of devastation.

Vanquished Creatures
  Josephine (D:10)
  3 hydras
  3 two-headed ogres
  A centaur warrior (D:12)
  Lodul (D:10)
  A moth of wrath (Gauntlet)
  3 cyclopes
  Joseph (D:10)
  2 ice statues (IceCv)
  4 gargoyles
  5 cane toads
  6 komodo dragons
  An unseen horror (D:10)
  2 kobold demonologists
  An anaconda simulacrum (IceCv)
  2 ice devils (IceCv)
  5 trolls
  A polar bear (Lair:2)
  A raiju (Gauntlet)
  A dire elephant simulacrum (IceCv)
  A wyvern (Lair:2)
  23 yaks
  5 wraiths (D:10)
  A basilisk (Lair:2)
  5 steam dragons
  A death yak simulacrum (D:12)
  9 vampire mosquitoes
  2 harpy simulacra (IceCv)
  An acid dragon (D:8)
  6 water moccasins
  2 hydra simulacra (IceCv)
  A floating eye (Gauntlet)
  7 orc warriors
  2 ice beasts (D:7)
  3 black bears (Lair:1)
  10 ogres
  2 centaurs
  10 wolves
  2 phantoms
  Blork the orc (D:5)
  A kobold brigand (D:10)
  2 necrophages
  7 bullfrogs
  4 scorpions
  A wyvern zombie (D:6)
  2 cane toad simulacra
  10 wights
  34 killer bees
  An elephant simulacrum (D:12)
  3 electric eels (D:11)
  5 howler monkeys
  4 bullfrog zombies
  7 orc priests
  2 gnoll boudas
  A hound (D:5)
  2 jellies
  24 orc wizards
  An iguana (D:4)
  A scorpion zombie (D:5)
  A killer bee zombie (D:6)
  3 spriggan simulacra (D:12)
  3 troll simulacra
  A polar bear simulacrum (D:12)
  A wolf simulacrum (IceCv)
  2 howler monkey zombies (D:6)
  18 gnolls
  A howler monkey skeleton (D:5)
  A naga simulacrum (IceCv)
  9 adders
  A shadow imp (D:4)
  3 white imps
  An adder skeleton (D:5)
  2 worms
  3 dart slugs
  55 orcs
  7 ball pythons
  6 bats
  4 endoplasms
  7 giant cockroaches
  7 goblins
  5 hobgoblins
  13 kobolds
  3 quokkas
  4 frilled lizards
  4 rats
  2 fulminant prisms (D:10)
418 creatures vanquished.

Vanquished Creatures (others)
  54 fulminant prisms
  A fungus (Lair:1)
  A plant (Lair:2)
56 creatures vanquished.

Grand Total: 474 creatures vanquished

Notes
Turn   | Place    | Note
-------+----------+-------------------------------------------
     0 | D:1      | croobank the Demonspawn Conjurer began the quest for the
                  | Orb.
     0 | D:1      | Reached XP level 1. HP: 13/13 MP: 3/3
   218 | D:1      | Gained mutation: You have sharp fingernails. [demonic
                  | ancestry]
   218 | D:1      | Reached XP level 2. HP: 5/19 MP: 0/5
   221 | D:1      | Learned a level 2 spell: Searing Ray
   708 | D:1      | You fall into a shaft and drop 1 floor!
   720 | D:2      | Found a faded altar of an unknown god.
  1142 | D:2      | Reached XP level 3. HP: 24/24 MP: 1/6
  1811 | D:1      | Gained mutation: Spells you cast may paralyse adjacent
                  | enemies. [demonic ancestry]
  1811 | D:1      | Reached XP level 4. HP: 30/30 MP: 5/8
  1815 | D:1      | Learned a level 3 spell: Dazzling Flash
  3608 | D:3      | Found a shimmering altar of Xom.
  3608 | D:3      | Found a blossoming altar of Fedhas.
  3633 | D:3      | Reached skill level 1 in Fighting
  3633 | D:3      | Reached XP level 5. HP: 23/37 MP: 1/9
  4041 | D:3      | Identified the +1 leather armour of the Shouting Gods
                  | {Contam +Blink Regen+ Stlth+}
  4054 | D:3      | Found a runed translucent gate.
  4055 | D:3      | Found a runed translucent gate.
  4055 | D:3      | Found a runed translucent gate.
  4075 | D:3      | Found an opulent altar of Gozag.
  4080 | D:3      | Became a worshipper of Gozag Ym Sagoz the Greedy
  4334 | D:3      | Noticed mikeweasel's ghost (amateur OpHW)
  4425 | D:4      | Noticed a water moccasin
  4753 | D:4      | Killed a water moccasin
  4754 | D:4      | Reached skill level 2 in Fighting
  4754 | D:4      | Reached XP level 6. HP: 18/44 MP: 4/10
  5064 | D:4      | Found a sparkling altar of Nemelex Xobeh.
  5246 | D:4      | Reached skill level 1 in Armour
  5477 | D:4      | Reached skill level 5 in Conjurations
  5479 | D:4      | Reached skill level 3 in Fighting
  5479 | D:4      | Reached XP level 7. HP: 52/52 MP: 0/12
  5862 | D:5      | Entered Level 5 of the Dungeon
  5940 | D:5      | Noticed Blork the orc
  5950 | D:5      | Killed Blork the orc
  6128 | D:5      | Identified the +8 dagger of Oozing Pus {venom, *Noise Int-4
                  | Dex+10}
  6288 | D:5      | Reached skill level 4 in Fighting
  6841 | D:5      | Reached XP level 8. HP: 60/60 MP: 13/13
  7611 | D:6      | Reached skill level 5 in Fighting
  8278 | D:6      | Found a basalt altar of Yredelemnul.
  8307 | D:6      | Gained mutation: You regenerate a little health from kills.
                  | [demonic ancestry]
  8307 | D:6      | Reached XP level 9. HP: 67/68 MP: 5/16
  9027 | D:6      | Found Edinurua's Magic Scroll Shoppe.
  9030 | D:6      | Bought a scroll of amnesia for 52 gold pieces
  9030 | D:6      | Bought a scroll of teleportation for 39 gold pieces
  9030 | D:6      | Bought a scroll of teleportation for 39 gold pieces
  9030 | D:6      | Bought a scroll of teleportation for 39 gold pieces
  9030 | D:6      | Bought a scroll of identify for 26 gold pieces
  9030 | D:6      | Bought a scroll of immolation for 52 gold pieces
  9423 | D:7      | Reached skill level 5 in Stealth
  9464 | D:7      | Reached skill level 6 in Fighting
  9604 | D:7      | Reached skill level 5 in Spellcasting
  9826 | D:7      | Found a staircase to the Ecumenical Temple.
  9890 | D:7      | Reached skill level 5 in Dodging
 10071 | Temple   | Entered the Ecumenical Temple
 11052 | D:8      | Reached skill level 7 in Fighting
 11144 | D:8      | Found a burning altar of Makhleb.
 11200 | D:8      | Noticed a two-headed ogre
 11205 | D:8      | Noticed a gargoyle
 11211 | D:8      | Killed a two-headed ogre
 11212 | D:8      | Reached XP level 10. HP: 79/79 MP: 18/18
 11228 | D:8      | Killed a gargoyle
 11359 | D:8      | Found Micoraq's Magic Scroll Emporium.
 11374 | D:8      | Bought 3 scrolls of identify for 66 gold pieces
 11374 | D:8      | Bought a scroll of fear for 44 gold pieces
 11378 | D:8      | Bought a scroll of identify for 22 gold pieces
 11378 | D:8      | Bought a scroll of identify for 22 gold pieces
 11379 | D:8      | Identified a scroll of acquirement
 11380 | D:8      | Acquired a staff of conjuration
 11827 | D:9      | Found a shimmering blue altar of Sif Muna.
 12032 | D:9      | Reached skill level 8 in Fighting
 12032 | D:9      | Reached skill level 5 in Armour
 12783 | D:9      | Reached skill level 1 in Hexes
 12790 | D:9      | Reached skill level 1 in Staves
 12877 | D:9      | Found a shadowy altar of Dithmenos.
 13133 | D:10     | Entered Level 10 of the Dungeon
 13199 | D:10     | Noticed Josephine
 13212 | D:10     | Killed Josephine
 13213 | D:10     | Gained mutation: Spells you cast may paralyse nearby
                  | enemies. [demonic ancestry]
 13213 | D:10     | Reached XP level 11. HP: 81/87 MP: 16/20
 13949 | D:10     | Learned a level 4 spell: Fulminant Prism
 13995 | D:10     | Noticed Joseph
 13995 | D:10     | Noticed Lodul
 14028 | D:10     | Killed Lodul
 14038 | D:10     | Killed Joseph
 14627 | D:10     | Reached skill level 9 in Fighting
 14688 | D:10     | Noticed a two-headed ogre
 14698 | D:10     | Killed a two-headed ogre
 15092 | D:10     | Found a hazy altar of Hepliaklqana.
 15238 | D:11     | Noticed a seven-headed hydra
 15238 | D:11     | Noticed a two-headed ogre
 15245 | D:11     | Noticed an eight-headed hydra
 15470 | D:9      | Learned a level 4 spell: Iskenderun's Mystic Blast
 15978 | D:10     | HP: 4/89 [eight-headed hydra (12)]
 16360 | D:10     | Killed a six-headed hydra
 16493 | D:10     | Killed a four-headed hydra
 16494 | D:10     | Reached skill level 1 in Translocations
 17541 | D:11     | Gained mutation: Spells you cast and wands you use may
                  | paralyse nearby enemies. [demonic ancestry]
 17541 | D:11     | Reached XP level 12. HP: 95/95 MP: 3/22
 17728 | D:11     | Killed a two-headed ogre
 18037 | D:11     | Found a staircase to the Lair.
 19040 | D:11     | Found a staircase to the Orcish Mines.
 19618 | D:12     | Noticed a five-headed hydra
 19629 | D:12     | Killed a five-headed hydra
 19638 | D:12     | Noticed a centaur warrior
 19655 | D:12     | Killed a centaur warrior
 19810 | D:12     | Found a frozen archway.
 19850 | IceCv    | Entered an ice cave
 20223 | IceCv    | Learned a level 2 spell: Scorch
 20503 | IceCv    | HP: 4/97 [dire elephant simulacrum (11)]
 20515 | IceCv    | Reached skill level 1 in Fire Magic
 20730 | IceCv    | Reached skill level 5 in Hexes
 21445 | D:12     | Found Kiotoysch's General Store.
 22065 | D:11     | Learned a level 4 spell: Flame Wave
 22094 | Lair:1   | Entered Level 1 of the Lair of Beasts
 22098 | Lair:1   | Acquired the amulet "Tetas" {RegenMP rCorr}
 22109 | Lair:1   | Acquired a +1 cloak of poison resistance
 22335 | Lair:1   | Reached skill level 10 in Fighting
 23196 | Lair:2   | Gained mutation: You have a somewhat thin skeletal
                  | structure. (Dex +2, Stealth+) [demonic ancestry]
 23196 | Lair:2   | Reached XP level 13. HP: 103/103 MP: 17/25
 23261 | Lair:2   | Found a runed translucent door.
 23268 | Lair:2   | Noticed Gadrel's ghost (journeyman GrCK)
 24053 | Lair:3   | Found a gate leading to a gauntlet.
 24088 | Gauntlet | Entered a Gauntlet
 24088 | Gauntlet | Found a large runed translucent door.
 24088 | Gauntlet | Found a large runed translucent door.
 24088 | Gauntlet | Found a large runed translucent door.
 24088 | Gauntlet | Found a large runed translucent door.
 24088 | Gauntlet | Found a runed translucent door.
 24088 | Gauntlet | Found a large runed translucent door.
 24088 | Gauntlet | Found a large runed translucent door.
 24088 | Gauntlet | Found a transporter.
 24088 | Gauntlet | Found a transporter.
 24088 | Gauntlet | Found a large runed translucent door.
 24088 | Gauntlet | Found a large runed translucent door.
 24088 | Gauntlet | Found a runed translucent gate.
 24088 | Gauntlet | Found a runed translucent gate.
 24088 | Gauntlet | Found a transporter.
 24097 | Gauntlet | Found a transporter.
 24107 | Gauntlet | Found a transporter.
 24138 | Gauntlet | Found a runed translucent door.
 24139 | Gauntlet | Found a large runed translucent door.
 24139 | Gauntlet | Found a large runed translucent door.
 24139 | Gauntlet | Found a large runed translucent door.
 24139 | Gauntlet | Found a large runed translucent door.
 24140 | Gauntlet | Found a large runed translucent door.
 24140 | Gauntlet | Found a large runed translucent door.
 24141 | Gauntlet | Found a large runed translucent door.
 24141 | Gauntlet | Found a large runed translucent door.
 24150 | Gauntlet | Found a runed translucent gate.
 24156 | Gauntlet | Found a transporter.
 24167 | Gauntlet | Found a transporter.
 24187 | Gauntlet | Found a transporter.
 24194 | Gauntlet | Found a transporter.
 24201 | Gauntlet | Found a transporter.
 24243 | Gauntlet | Found a transporter.
 24244 | Gauntlet | Found the -2 hat of the Alchemist {rElec rPois rF+ rC+ rN+
                  | Will+ rMut rCorr}
 24262 | Gauntlet | Found a transporter.
 24322 | Gauntlet | Learned a level 2 spell: Wereblood
 24588 | Gauntlet | HP: 5/103 [disintegration (23)]
 24590 | Gauntlet | Blown up by an eye of devastation

Illustrated notes

Levels and vault maps discovered:
D:1:      dpeg_arrival_orchard, layout_loops_ring
D:2:      layout_loops_corners, hellmonk_ecumenical_altar_leap_of_faith,
          dk_noncrumbling_2, kennysheep_path_1, grunt_ministairs_10
D:3:      layout_basic, elyvilon_altar_5, mainiacjoe_overflow_24_doors,
          mainiacjoe_overflow_divided_tiny, ebering_ghost_rock_garden
D:4:      minmay_octagon_keep, layout_rooms, overflow_temple_1_default
D:5:      layout_basic, serial_undead, serial_undead_b, serial_undead_d,
          serial_undead_e, serial_undead_d, uniq_blork_the_orc
D:6:      minmay_flawed_box, layout_cave_pools,
          nicolae_yredelemnul_corpse_copse, serial_shops, kennysheep_mini,
          hangedman_abyss_or_decor_stabs
D:7:      layout_loops_cross, minmay_temple_entry_tees, amethyst_killhole
D:8:      layout_rooms, tso_metal_star, lightli_temple_of_fire, serial_shops,
          shop
D:9:      layout_loops_ring, nicolae_sif_muna_little_library,
          nicolae_dithmenos_shadow_blocks
D:10:     layout_gridville, mainiacjoe_overflow_alcove_4, serial_park_tiny_1,
          uniq_joseph, uniq_josephine, uniq_lodul
D:11:     layout_loops_ring, lair_entry_dummy, erik_orc_2, minmay_starry_boxes
D:12:     layout_long_grid, serial_shops,
          nicolae_shop_competitors_out_of_business,
          portal_ice_cave_entry_ice_simulacra
D:13:     layout_stronghold, uniq_rupert
Temple:   bh_familiar_temple
Lair:1:   layout_cave_pods, beast_lair_carwin_3, grunt_megastairs_1
Lair:2:   layout_cave_pods, ebering_ghost_inner_flame
Lair:3:   layout_regular_city, nicolae_swamp_entry_splash_gauntlet,
          dummy_snake_entry, gauntlet_entry_generic,
          chequers_serial_rivers_micro_d, nicolae_quartered_pool_super
Gauntlet: gammafunk_gauntlet_shortcut
          [minmay_gauntlet_arena_make_your_own_arena,
          gammafunk_gauntlet_arena_grid, nicolae_gauntlet_swirl,
          gammafunk_gauntlet_arena_split_diamond,
          gammafunk_gauntlet_arena_chambers, gammafunk_gauntlet_arena_teeth,
          nicolae_gauntlet_exit_dead_adventurers]

Skill      XL: |  1  2  3  4  5  6  7  8  9 10 11 12 13 |
---------------+----------------------------------------+-----
Stealth        | 2 3 4 5 6 7 8 |  8.7
Dodging        | 2 3 4 5 6 7 8 |  8.1
Fighting       | 1 2 3 4 5 7 8 9 10 | 10.2
Spellcasting   | 3 4 5 6 7 8 |  8.2
Armour         | 1 2 3 4 5 |  5.0
Conjurations   | 5 6 7 8 9 |  9.5
Hexes          | 1 3 5 |  5.0
Staves         | 1 3 4 |  4.2
Translocations | 2 4 |  4.8
Fire Magic     | 2 3 |  3.6

Action                   |  1- 3 |  4- 6 |  7- 9 | 10-12 | 13-15 || total
-------------------------+-------+-------+-------+-------+-------++-------
Melee: Unarmed           |     7 |       |       |       |       ||     7
       Dagger            |     4 |    35 |   121 |   223 |       ||   383
       Rapier            |       |     1 |       |       |       ||     1
       Halberd           |       |       |    16 |    88 |    20 ||   124
       Punch             |       |       |     1 |     6 |     1 ||     8
       Staff             |       |       |       |    33 |       ||    33
       Hand axe          |       |       |       |    62 |    26 ||    88
       Scimitar          |       |       |       |       |    27 ||    27
Throw: Throwing net      |       |       |       |     1 |       ||     1
 Cast: Magic Dart        |    23 |    51 |    70 |    52 |     1 ||   197
       Searing Ray       |    15 |    30 |    87 |    84 |     2 ||   218
       Dazzling Flash    |       |     1 |    30 |    41 |       ||    72
       Fulminant Prism   |       |       |       |    56 |       ||    56
       Iskenderun's Myst |       |       |       |    52 |    14 ||    66
       Scorch            |       |       |       |    11 |       ||    11
Invok: Potion Petition   |       |       |       |     5 |       ||     5
Evoke: Wand              |       |       |       |    14 |     1 ||    15
  Use: Scroll            |       |     5 |     8 |    19 |     8 ||    40
       Potion            |       |     1 |       |    13 |     5 ||    19
 Stab: Paralysed         |       |     9 |    39 |   100 |     1 ||   149
       Sleeping          |       |     5 |     4 |    12 |     4 ||    25
       Invisible         |       |       |     4 |     6 |       ||    10
       Distracted        |       |       |       |     3 |     2 ||     5
Armor: Robe              |     6 |     2 |       |       |       ||     8
       Leather armour    |       |    10 |   106 |   271 |    29 ||   416
Dodge: Dodged            |    13 |    22 |   153 |   517 |    59 ||   764
